 Dungeon Crawl Stone Soup version 0.25-a0-990-g0adbbaad2a (webtiles) character file.

Game seed: 17899571087120935084, levelgen mode: deterministic

2078 Azyl the Thaumaturge (level 9, -5/45 HPs)
             Began as a Deep Elf Conjurer on May 10, 2020.
             Was a Follower of Vehumet.
             Slain by an orc warrior
             ... wielding a +3 short sword
              (14 damage)
             ... on level 6 of the Dungeon.
             The game lasted 00:30:04 (7981 turns).

Azyl the Thaumaturge (Deep Elf Conjurer)            Turns: 7981, Time: 00:30:05

Health: -5/45      AC:  5    Str:  5    XL:     9   Next: 6%
Magic:  11/26      EV: 12    Int: 24    God:    Vehumet [*.....]
Gold:   458        SH:  0    Dex: 15    Spells: 16/31 levels left

rFire    . . .     SeeInvis .   e - +0 whip
rCold    . . .     Gourm    .   (no shield)
rNeg     . . .     Faith    .   b - +0 leather armour
rPois    .         Spirit   .   a - +0 helmet
rElec    .         Reflect  .   (no cloak)
rCorr    .         Harm     .   (no gloves)
MR       .....                  k - +0 pair of boots
Stlth    ++........             (no amulet)
HPRegen  0.15/turn              s - ring of flight
MPRegen  0.20/turn              (no ring)

@: very slightly contaminated
A: no striking features
a: Renounce Religion, Evoke Flight


You were on level 6 of the Dungeon.
You worshipped Vehumet.
Vehumet was aware of your devotion.
You were not hungry.

You visited 1 branch of the dungeon, and saw 7 of its levels.

You collected 458 gold pieces.

Inventory:

Hand Weapons
 e - a +0 whip (weapon)
Missiles
 d - 220 stones (quivered)
Armour
 a - a +0 helmet (worn)
 b - a +0 leather armour (worn)
 k - a +0 pair of boots (worn)
Jewellery
 s - a ring of flight (left hand)
Wands
 l - a wand of paralysis (12)
Scrolls
 f - 2 scrolls of magic mapping {unknown}
 g - 2 scrolls of identify
 i - a scroll of fog
 n - 6 scrolls of teleportation
 o - a scroll of blinking {unknown}
 r - 2 scrolls of remove curse
Potions
 h - 2 potions of mutation
 j - a potion of haste
 m - a potion of brilliance {unknown}
 p - a potion of stabbing
 t - a potion of ambrosia {unknown}
Comestibles
 c - 13 rations


   Skills:
 + Level 0.1 Maces & Flails
 - Level 2.4 Dodging
 - Level 2.4 Stealth
 + Level 11.7 Spellcasting
 - Level 5.7 Conjurations
 * Level 7.2 Hexes
 * Level 4.4 Translocations
 * Level 0.2 Earth Magic


You had 16 spell levels left.
You knew the following spells:

 Your Spells              Type           Power        Failure   Level  Hunger
a - Magic Dart            Conj           ####         1%          1    None
b - Searing Ray           Conj           #####.       1%          2    None
c - Dazzling Flash        Conj/Hex       #####.       1%          3    None
d - Fulminant Prism       Conj/Hex       #####.....   4%          4    None
e - Iskenderun's Mystic   Conj/Tloc      #####...     9%          4    None
f - Sandblast             Erth           ###...       7%          1    None

Your spell library contained the following spells:

 Spells                   Type           Power        Failure   Level  Hunger


Dungeon Overview and Level Annotations

Branches:
Dungeon (7/15)
 Temple: D:4-7

Altars:
Gozag
Kikubaaqudgha
Makhleb
Vehumet
Xom

Portals:
Abyss: D:3

Annotations:
D:3 2 transporters, Essalna's ghost, amateur TeAE


Message History

The orc warrior is lightly wounded.
The orc warrior hits you with a +3 short sword!
The searing ray hits the orc warrior!
The orc warrior is heavily wounded.
The orc warrior barely misses you.
The searing ray hits the orc warrior.
The orc warrior is heavily wounded.
You finish channeling your searing ray.
The orc warrior hits you with a +3 short sword!
* * * LOW HITPOINT WARNING * * *
Casting: Searing Ray (safe; 1% risk of failure)
Confirm with . or Enter, or press ? or * to list all spells.
Okay, then.
Press: ? - help, v - describe, . - travel
Here: an orc warrior, wielding a +3 short sword and wearing a +0 plate armour (heavily wounded, blind)
The floor.
Okay, then.
The orc warrior is no longer blind.
The orc warrior hits you with a +3 short sword!
You die...

.######.##..###.##..########..###
.######......#......# #..#
.##........##.####.## #..#
.##.########### #.# #..# .##.#
#.# ######..### .##.# ###.#
#.......... .##.# ##.#.#
#.####.#### .##.# ##o...# #.#
#.#### .##.# #.>@..# #.# #.....
..#.# ##...## #.# #####. ....#
##<## #.# #. ..### #.# #.# ##.
.## #.# #.# #.. .# #.# #.# #.. ##
#.#### #.# #.. # #####
#....###.### #.. ##...##
#..........# #..


You could see an orc warrior.

Vanquished Creatures
  Edmund (D:5)
  2 sky beasts
  2 ice beasts (D:5)
  4 ogres
  A bullfrog (D:6)
  A scorpion (D:5)
  5 howler monkeys
  2 crimson imps
  A quasit (D:5)
  A hound (D:4)
  4 orc priests
  7 orc wizards
  2 bullfrog skeletons
  2 centaur skeletons (D:4)
  An iguana (D:5)
  3 worker ants
  A howler monkey skeleton (D:4)
  7 gnolls
  8 adders
  An ooze (D:6)
  An adder skeleton (D:4)
  7 worms
  A dart slug (D:1)
  2 leopard geckos
  23 orcs
  5 bats
  3 giant cockroaches
  6 hobgoblins
  6 jackals (D:2)
  9 kobolds
  2 quokkas
  4 ball pythons
  3 frilled lizards
  6 goblins
  2 leopard gecko skeletons (D:5)
  5 rats
141 creatures vanquished.

Notes
Turn   | Place    | Note
-------+----------+-------------------------------------------
     0 | D:1      | Azyl the Deep Elf Conjurer began the quest for the Orb.
     0 | D:1      | Reached XP level 1. HP: 10/10 MP: 6/6
   314 | D:1      | Reached skill level 5 in Conjurations
   314 | D:1      | Reached XP level 2. HP: 15/15 MP: 0/8
   362 | D:1      | Learned a level 2 spell: Searing Ray
  1152 | D:1      | Reached XP level 3. HP: 18/19 MP: 6/9
  1872 | D:2      | Learned a level 3 spell: Dazzling Flash
  2120 | D:3      | Reached XP level 4. HP: 24/24 MP: 8/11
  2122 | D:3      | Reached skill level 1 in Hexes
  2124 | D:3      | Reached skill level 4 in Spellcasting
  2414 | D:3      | Found a transporter.
  2414 | D:3      | Found a transporter.
  2429 | D:3      | Noticed a toenail golem
  2442 | D:3      | Reached XP level 5. HP: 5/28 MP: 3/14
  2893 | D:3      | Reached skill level 5 in Spellcasting
  3447 | D:3      | Found a one-way gate to the infinite horrors of the Abyss.
  3451 | D:3      | Noticed Essalna's ghost (amateur TeAE)
  3833 | D:4      | Reached XP level 6. HP: 32/32 MP: 13/16
  3874 | D:4      | Reached skill level 6 in Spellcasting
  4050 | D:4      | Learned a level 4 spell: Fulminant Prism
  4055 | D:4      | Learned a level 4 spell: Iskenderun's Mystic Blast
  4173 | D:4      | Found a shimmering altar of Xom.
  4422 | D:4      | Found a burning altar of Makhleb.
  4426 | D:4      | Reached skill level 1 in Translocations
  4580 | D:4      | Reached skill level 7 in Spellcasting
  4642 | D:4      | Reached XP level 7. HP: 36/36 MP: 14/19
  4858 | D:4      | Found an opulent altar of Gozag.
  4993 | D:5      | Entered Level 5 of the Dungeon
  5120 | D:5      | Reached skill level 5 in Hexes
  5209 | D:5      | Found an ancient bone altar of Kikubaaqudgha.
  5252 | D:5      | Reached skill level 8 in Spellcasting
  5548 | D:5      | Found a radiant altar of Vehumet.
  5553 | D:5      | Became a worshipper of Vehumet
  5689 | D:5      | Reached skill level 9 in Spellcasting
  5689 | D:5      | Reached XP level 8. HP: 37/41 MP: 7/23
  5961 | D:5      | Noticed Edmund
  5970 | D:5      | Killed Edmund
  5970 | D:5      | Reached skill level 10 in Spellcasting
  6906 | D:6      | Reached skill level 11 in Spellcasting
  7223 | D:6      | Reached * piety under Vehumet
  7223 | D:6      | Offered knowledge of Sandblast by Vehumet.
  7455 | D:6      | Learned a level 1 spell: Sandblast
  7483 | D:6      | Reached XP level 9. HP: 34/45 MP: 22/26
  7561 | D:6      | Got a shimmering ring mail
  7981 | D:6      | Slain by an orc warrior

Illustrated notes

Levels and vault maps discovered:
D:1:      psy_arrival_basics, layout_basic
D:2:      layout_basic, nicolae_overflow_hidden_temple, first_ration
D:3:      layout_basic, gammafunk_ghost_abyssal_escape, minmay_misc_feat_encased
D:4:      layout_gridville, marbit_many_paths, nicolae_gozag_seed_capital,
          makhleb_blood_cavern_becter
D:5:      layout_rooms, vehumet_crystals, lemuel_coloured_pillars_altar,
          hangedman_minor_gate_pass, uniq_edmund
D:6:      layout_loops_ring
D:7:      corexii_shantytown, layout_gridville,
          minmay_temple_entry_enclosed_plants, serial_shops, shop_statue,
          gammafunk_ghost_stat_death, minmay_hollow_rounded_squares

Skill      XL: |  1  2  3  4  5  6  7  8 |
---------------+-------------------------+-----
Conjurations   | 5 |  5.7
Hexes          | 2 3 4 5 7 |  7.2
Spellcasting   | 4 5 7 9 11 | 11.7
Translocations | 1 3 4 |  4.4
Maces & Flails | |  0.1
Dodging        | |  2.4
Stealth        | |  2.4
Earth Magic    | |  0.2

Action                   |  1- 3 |  4- 6 |  7- 9 || total
-------------------------+-------+-------+-------++-------
Melee: Short sword       |    13 |       |       ||    13
       Dagger            |     2 |       |       ||     2
       Whip              |       |    12 |     5 ||    17
 Cast: Magic Dart        |    55 |    64 |    62 ||   181
       Searing Ray       |     6 |    17 |    43 ||    66
       Dazzling Flash    |       |       |    11 ||    11
       Sandblast         |       |       |     1 ||     1
  Use: Scroll            |     8 |       |     3 ||    11
 Stab: Invisible         |       |       |     1 ||     1
  Eat: Chunk             |     4 |     7 |     9 ||    20
       Ration            |       |       |     1 ||     1
Armor: Leather armour    |    14 |    12 |     9 ||    35
Dodge: Dodged            |    20 |    24 |    29 ||    73

Table legend:
 A = Non-vault XP
 B = Vault XP
 C = Vault XP percentage of total XP
 D = Non-vault monster count
 E = Vault monster count
 F = Vault count percentage of total count
                 A         B        C        D         E       F
            +---------+---------+-------+---------+---------+-------
      Total |    2466 |     503 |  16.9 |     135 |       6 |   4.3
            +---------+---------+-------+---------+---------+-------
        D:1 |      43 |       0 |   0.0 |      20 |       0 |   0.0
        D:2 |      43 |       0 |   0.0 |      15 |       0 |   0.0
        D:3 |     293 |       0 |   0.0 |      36 |       0 |   0.0
        D:4 |     391 |      47 |  10.7 |      17 |       2 |  10.5
        D:5 |     750 |     456 |  37.8 |      16 |       4 |  20.0
        D:6 |     891 |       0 |   0.0 |      30 |       0 |   0.0
        D:7 |      55 |       0 |   0.0 |       1 |       0 |   0.0
            +---------+---------+-------+---------+---------+-------
